 Dungeon Crawl Stone Soup version 0.31-a0-1163-gcee99d1eea (webtiles) character file.

Game seed: 14275093014436000997

15983 RBrandon the Merchant of Misery (level 12, -2/91 HPs)
             Began as a Mummy Ice Elementalist on Dec 8, 2023.
             Was a Believer of Kikubaaqudgha.
             Shot with an arrow by a minotaur (36 damage)
             ... in a Gauntlet on Dec 9, 2023.
             The game lasted 00:47:40 (13633 turns).

RBrandon the Merchant of Misery (MuIE)             Turns: 13633, Time: 00:47:41

Health: -2/91      AC:  9    Str: 12    XL:     12   Next: 6%
Magic:  26/26      EV: 15    Int: 18    God:    Kikubaaqudgha [**....]
Gold:   275        SH:  0    Dex: 13    Spells: 8/32 levels left

rFire   x . .        h - +1 dagger (venom)
rCold   + . .        (no shield)
rNeg    + + +        a - +0 robe
rPois   ∞            i - +0 helmet
rElec   .            m - +2 cloak
rCorr   .            j - +2 pair of gloves
SInv    .            (no boots)
Will    ++...        n - amulet of regeneration
Stlth   ++           J - ring of willpower
HPRegen 1.15/turn    H - ring of wizardry
MPRegen 0.20/turn

%: no teleportation, faith, wizardry (x1)
@: no status effects
A: cold resistance 1, negative energy resistance 3, torment resistance 2, heat
vulnerability 1, in touch with death 1, no potions, faith
a: Renounce Religion, Unearth Wretches


You were in a Gauntlet.
You worshipped Kikubaaqudgha.
Kikubaaqudgha was pleased with you.
You visited 3 branches of the dungeon, and saw 12 of its levels.
You also visited: Gauntlet.

You collected 740 gold pieces.
You spent 465 gold pieces at shops.

Inventory:

Hand Weapons
 h - a +1 dagger of venom (weapon)
   (You took it off a goblin on level 3 of the Dungeon)
 w - a +0 arbalest
 F - a +2 scimitar of flaming
   (You found it on level 1 of the Lair of Beasts)
Armour
 a - a +0 robe (worn)
 i - a +0 helmet (worn)
 j - a +2 pair of gloves (worn)
 m - a +2 cloak (worn)
 B - a +0 buckler
Jewellery
 n - an amulet of regeneration (around neck)
 D - a ring of resist corrosion
 E - an amulet of the acrobat
 H - a ring of wizardry (right hand)
 J - a ring of willpower (left hand)
Wands
 p - a wand of paralysis (25)
 t - a wand of roots (2)
 A - a wand of flame (29)
 C - a wand of polymorph (6)
 K - a wand of light (1)
Scrolls
 b - 2 scrolls of noise
 e - a scroll of enchant armour
 f - 4 scrolls of immolation
 k - a scroll of poison
 l - 4 scrolls of teleportation
 o - a scroll of summoning
 q - a scroll of amnesia
 s - a scroll of vulnerability
 u - 2 scrolls of enchant weapon
 x - a scroll of silence {unknown}
 y - a scroll of brand weapon {unknown}
 z - 2 scrolls of revelation
 G - a scroll of blinking


   Skills:
 - Level 7.2 Fighting
 - Level 8.4 Dodging
 - Level 1.5 Stealth
 + Level 10.7 Spellcasting
 - Level 3.1 Hexes
 - Level 11.1 Necromancy
 - Level 6.1 Ice Magic


You had 8 spell levels left.
You knew the following spells:

 Your Spells              Type           Power      Damage    Failure   Level
a - Freeze                Ice            100%       1d10      1%          1
b - Frozen Ramparts       Ice            62%        1d10      1%          3
c - Ozocubu's Armour      Ice            31%        N/A       1%          3
d - Vampiric Draining     Necr           65%        2d10      1%          3
e - Animate Dead          Necr           65%        N/A       1%          4
f - Anguish               Hex/Necr       26%        N/A       1%          4
g - Death Channel         Necr           32%        N/A       4%          6

Your spell library contained the following spells:

 Spells                   Type           Power      Damage    Failure   Level
 Kiss of Death            Conj/Necr      100%       2d13      1%          1
 Necrotise                Necr           100%       1d9       1%          1
 Slow                     Hex            80%        N/A       1%          1
 Ensorcelled Hibernation  Hex/Ice        52%        N/A       1%          2
 Jinxbite                 Hex            40%        N/A       1%          2
 Agony                    Necr           65%        N/A       1%          5
 Confusing Touch          Hex            20%        N/A       2%          3
 Sigil of Binding         Hex            20%        N/A       2%          3
 Sting                    Tmut/Pois      36%        1d4       3%          1
 Poisonous Vapours        Pois/Air       18%        N/A       4%          2
 Summon Ice Beast         Ice/Summ       20%        N/A       9%          4
 Borgnjor's Vile Clutch   Necr/Erth      22%        N/A       9%          5
 Olgreb's Toxic Radiance  Pois           9%         N/A       28%         4
 Ozocubu's Refrigeration  Ice            15%        4d10      87%         7
 Haunt                    Necr/Summ      22%        N/A       92%         7
 Borgnjor's Revivificati  Necr           Unusable   N/A       N/A         8
 Death's Door             Necr           Unusable   N/A       N/A         9

Dungeon Overview and Level Annotations

Branches:
Dungeon (8/15)             Temple (1/1) D:5            Lair (3/5) D:8
  Swamp (0/4) Lair:3      Gauntlet (1/1)
  Snake: Lair:2-3    Spider: Lair:2-3

Altars:
Ashenzari
Cheibriados
Dithmenos
Fedhas
Gozag
Kikubaaqudgha
Okawaru
Qazlal
Ru
Sif Muna
Uskayaw
Vehumet
Wu Jian
Xom
Yredelemnul

Shops:
D:1 =   D:4 [   D:7 *   D:8 (

Annotations:
D:3 1 runed translucent door Gauntlet 11 transporters, 3 runed translucent doors, exclusion: obsidian statue


Innate Abilities, Weirdness & Mutations

You are immune to poison.
Your flesh is cold resistant. (rC+)
You are immune to negative energy. (rN+++)
You are immune to unholy pain and torment.
You are vulnerable to heat. (rF-)
You are in touch with the powers of death.
You do not drink.
You have a special connection with the divine. (Faith)


Message History

Aiming: Bolt of Light
Press: ? - help, Shift-Dir - straight line, f/p - minotaur
Aim: a minotaur, wielding a +0 shortbow, wearing a +0 plate armour, wearing a ring of positive energy and quivering silver javelins (severely wounded, blind, constricted by roots, 100% to hit)
The bolt of light hits the minotaur.
The minotaur is almost dead.
The grasping roots constrict the minotaur, but do no damage.
The roots release their grip on the minotaur.
The minotaur shoots an arrow.
The arrow misses you.
Aiming: Fastroot
Press: ? - help, Shift-Dir - straight line, f/p - minotaur
Aim: a minotaur, wielding a +0 shortbow, wearing a +0 plate armour, wearing a ring of positive energy and quivering silver javelins (severely wounded, blind)
The roots erupt in riotous growth!
Roots grab the minotaur.
The grasping roots constrict the minotaur.
The minotaur shoots an arrow.
The arrow closely misses you.
Aiming: Bolt of Light
Press: ? - help, Shift-Dir - straight line, f/p - minotaur
Aim: a minotaur, wielding a +0 shortbow, wearing a +0 plate armour, wearing a ring of positive energy and quivering silver javelins (almost dead, blind, constricted by roots, 100% to hit)
The bolt of light hits the minotaur but does no damage.
The minotaur is almost dead.
The grasping roots constrict the minotaur.
The minotaur shoots an arrow.
The arrow completely misses you.
Aiming: Bolt of Light
Press: ? - help, Shift-Dir - straight line, f/p - minotaur
Aim: a minotaur, wielding a +0 shortbow, wearing a +0 plate armour, wearing a ring of positive energy and quivering silver javelins (almost dead, blind, constricted by roots, 100% to hit)
The bolt of light hits the minotaur.
The minotaur is almost dead.
The grasping roots constrict the minotaur.
The roots release their grip on the minotaur.
The minotaur shoots an arrow.
The arrow hits you.
* * * LOW HITPOINT WARNING * * *
Aiming: Bolt of Light
Press: ? - help, Shift-Dir - straight line, f/p - minotaur
Aim: a minotaur, wielding a +0 shortbow, wearing a +0 plate armour, wearing a ring of positive energy and quivering silver javelins (almost dead, blind, 86% to hit)
The bolt of light hits the minotaur.
The minotaur is almost dead.
The minotaur is no longer blind.
The minotaur shoots an arrow.
The arrow hits you!!!
You die...
Kikubaaqudgha rasps: "You have failed me!
Welcome... oblivion!"

#### #.. #.#########
##.#..#..H.#
#....##.##.# #.##.#⌠
#.## #.#..# #@.#
#.#.## ##.#
#.#.#######.#
#.#.........###
#.###########.#
#.............#
#########.#########
##≈...............≈##
#≈≈..8©8©8©8©8©8..≈≈#


You could see a minotaur.

Vanquished Creatures
  A hydra (Lair:3)
  A lindwurm (Lair:2)
  3 black mambas
  3 cane toads (Lair:1)
  A komodo dragon (Lair:2)
  A troll (D:8)
  A polar bear (Lair:3)
  A hornet (D:8)
  Prince Ribbit (D:6)
  A wyvern (D:8)
  4 yaks
  A basilisk (Lair:1)
  2 wargs (D:8)
  7 water moccasins
  An orc warrior (D:5)
  3 ice beasts
  2 sky beasts (D:7)
  2 black bears
  3 wolves (Lair:2)
  3 centaurs
  4 bullfrogs
  A gnoll sergeant (D:7)
  4 scorpions
  A wight (D:8)
  15 killer bees
  2 howler monkeys (D:7)
  2 hounds (D:5)
  3 jellies
  A sleepcap (D:6)
  6 orc priests
  5 iguanas
  12 orc wizards
  Robin (D:3)
  8 gnolls
  13 adders
  A shadow imp (D:7)
  A white imp (D:7)
  3 worms
  3 dart slugs
  18 orcs
  5 ball pythons
  6 endoplasms
  4 giant cockroaches
  15 goblins
  6 hobgoblins
  9 jackals
  3 quokkas
  8 bats
  3 frilled lizards
  8 kobolds
  A kobold zombie (D:3)
  3 rats
217 creatures vanquished.

Vanquished Creatures (collateral kills)
  Nergalle (Lair:3)
  A skyshark (Lair:2)
  3 elephants (Lair:3)
  3 komodo dragons
  3 yaks (Lair:1)
  4 basilisks
  A warg (D:8)
  4 wolves
  2 bullfrogs
  4 wights (D:8)
  A white imp (D:7)
27 creatures vanquished.

Vanquished Creatures (others)
  Erica (Lair:1)
  A goliath frog (Gauntlet)
  A goliath frog zombie (Gauntlet)
  A lindwurm (Lair:2)
  A deep elf zephyrmancer (Gauntlet)
  2 deep elf pyromancers (Gauntlet)
  A cane toad (Lair:1)
  2 komodo dragons
  A hydra zombie (Lair:3)
  A black mamba zombie (Lair:1)
  3 yaks (Lair:1)
  3 elf zombies (Gauntlet)
  5 wolves
  A komodo dragon zombie (Lair:3)
  A wyvern zombie (D:8)
  2 warg zombies (D:8)
  3 water moccasin zombies
  2 yak zombies (Lair:1)
  4 killer bee zombies (D:8)
  A bat zombie (D:8)
  A ball python zombie (D:8)
  5 orc zombies (D:8)
43 creatures vanquished.

Grand Total: 287 creatures vanquished

Notes
Turn   | Place    | Note
-------+----------+-------------------------------------------
     0 | D:1      | RBrandon the Mummy Ice Elementalist began the quest for the
                  | Orb.
     0 | D:1      | Reached XP level 1. HP: 13/13 MP: 4/4
   225 | D:1      | Reached XP level 2. HP: 19/19 MP: 3/6
   511 | D:1      | Found a faded altar of an unknown god.
   512 | D:1      | Found Uphoutee's Jewellery Shop.
  1129 | D:2      | Reached XP level 3. HP: 20/24 MP: 3/9
  1267 | D:2      | Reached skill level 5 in Spellcasting
  1276 | D:2      | Learned a level 3 spell: Frozen Ramparts
  1280 | D:2      | Learned a level 3 spell: Ozocubu's Armour
  1284 | D:2      | Learned a level 3 spell: Vampiric Draining
  1517 | D:2      | Reached XP level 4. HP: 30/30 MP: 0/11
  2182 | D:2      | HP: 1/30 [gnoll/+0 spear (9)]
  2469 | D:3      | Noticed Robin
  2482 | D:3      | Killed Robin
  2483 | D:3      | Reached skill level 1 in Necromancy
  2635 | D:3      | Reached XP level 5. HP: 19/35 MP: 9/12
  3121 | D:3      | Found a faded altar of an unknown god.
  3125 | D:3      | Found a shimmering altar of Xom.
  3243 | D:3      | Reached skill level 2 in Necromancy
  3300 | D:3      | Reached skill level 3 in Necromancy
  3304 | D:3      | Upgraded the game from 0.31-a0-1074-g0b22e4e0f1 to
                  | 0.31-a0-1163-gcee99d1eea
  3375 | D:3      | Found a runed translucent door.
  3375 | D:3      | Noticed a human
  3519 | D:3      | Found a basalt altar of Yredelemnul.
  3753 | D:4      | Found Dedaukh's Antique Armour Emporium.
  3766 | D:4      | Bought a cloak for 135 gold pieces
  3813 | D:4      | Reached XP level 6. HP: 41/41 MP: 14/14
  4373 | D:4      | Reached skill level 5 in Ice Magic
  4373 | D:4      | Reached XP level 7. HP: 40/46 MP: 10/16
  4456 | D:4      | Found a broken altar of Ashenzari.
  4847 | D:5      | Entered Level 5 of the Dungeon
  5349 | D:5      | Reached skill level 4 in Necromancy
  5578 | D:5      | Reached XP level 8. HP: 35/52 MP: 7/17
  5584 | D:5      | Reached skill level 5 in Necromancy
  5660 | D:5      | Reached skill level 1 in Fighting
  5857 | D:5      | Found a staircase to the Ecumenical Temple.
  5866 | Temple   | Entered the Ecumenical Temple
  6295 | D:6      | Noticed Prince Ribbit
  6318 | D:6      | Killed Prince Ribbit
  6406 | D:6      | Reached skill level 5 in Fighting
  6922 | D:7      | Reached XP level 9. HP: 72/72 MP: 4/18
  7011 | D:7      | Found a shimmering blue altar of Sif Muna.
  7011 | D:7      | Found a sacrificial altar of Ru.
  7015 | D:7      | Found an ornate altar of the Wu Jian Council.
  7021 | D:7      | Found an ancient bone altar of Kikubaaqudgha.
  7028 | D:7      | Became a worshipper of Kikubaaqudgha
  7522 | D:7      | Found Isurissa's Assorted Antiques.
  7700 | D:7      | Reached * piety under Kikubaaqudgha
  7700 | D:7      | Received a gift from Kikubaaqudgha
  7706 | D:7      | Learned a level 4 spell: Animate Dead
  7728 | D:7      | Reached skill level 5 in Dodging
  8130 | D:8      | Found Bioxkaeh's Antique Weapon Emporium.
  8232 | D:8      | Noticed a troll
  8536 | D:8      | Reached XP level 10. HP: 69/79 MP: 9/19
  8919 | D:1      | Bought an amulet of regeneration for 330 gold pieces
  9051 | D:7      | Learned a level 4 spell: Anguish
  9155 | D:8      | Found a staircase to the Lair.
  9384 | D:8      | Reached skill level 1 in Hexes
  9880 | Lair:1   | Entered Level 1 of the Lair of Beasts
  9987 | Lair:1   | Noticed a black mamba
 10008 | Lair:1   | Killed a black mamba
 10009 | Lair:1   | Reached skill level 6 in Necromancy
 10203 | Lair:1   | Noticed a cane toad
 10212 | Lair:1   | Killed a cane toad
 10212 | Lair:1   | Reached ** piety under Kikubaaqudgha
 10316 | Lair:1   | Noticed Erica
 10323 | Lair:1   | Reached skill level 7 in Necromancy
 10326 | Lair:1   | Killed Erica
 10327 | Lair:1   | Reached skill level 8 in Necromancy
 10473 | Lair:1   | Noticed a cane toad
 10477 | Lair:1   | Noticed a cane toad
 10590 | Lair:1   | Reached skill level 9 in Necromancy
 10595 | Lair:1   | Reached XP level 11. HP: 26/84 MP: 1/20
 10774 | Lair:1   | Reached skill level 10 in Necromancy
 11643 | Lair:2   | Reached skill level 11 in Necromancy
 11756 | Lair:2   | Noticed a lindwurm
 11763 | Lair:2   | Noticed a lindwurm
 11764 | Lair:2   | Killed a lindwurm
 11768 | Lair:2   | Killed a lindwurm
 11906 | Lair:2   | Reached *** piety under Kikubaaqudgha
 11906 | Lair:2   | Received a gift from Kikubaaqudgha
 12311 | Lair:2   | Noticed a skyshark
 12316 | Lair:2   | Killed a skyshark
 12912 | Lair:2   | Learned a level 6 spell: Death Channel
 12921 | Lair:3   | Noticed Nergalle
 12947 | Lair:3   | Killed Nergalle
 12955 | Lair:3   | Found a staircase to the Swamp.
 12995 | Lair:3   | Reached skill level 10 in Spellcasting
 13004 | Lair:3   | Reached XP level 12. HP: 76/91 MP: 2/26
 13067 | Lair:3   | Found a gate leading to a gauntlet.
 13105 | Gauntlet | Entered a Gauntlet
 13105 | Gauntlet | Found a transporter.
 13116 | Gauntlet | Found a transporter.
 13116 | Gauntlet | Found a transporter.
 13117 | Gauntlet | Found a transporter.
 13123 | Gauntlet | Found a runed translucent gate.
 13123 | Gauntlet | Found a runed translucent gate.
 13123 | Gauntlet | Found a runed translucent gate.
 13125 | Gauntlet | Found a transporter.
 13128 | Gauntlet | Found a transporter.
 13129 | Gauntlet | Found a transporter.
 13137 | Gauntlet | Found a transporter.
 13140 | Gauntlet | Found a transporter.
 13141 | Gauntlet | Found a transporter.
 13149 | Gauntlet | Found a transporter.
 13152 | Gauntlet | Found a transporter.
 13153 | Gauntlet | Found a transporter.
 13155 | Gauntlet | Noticed a death yak
 13155 | Gauntlet | Noticed a death yak
 13156 | Gauntlet | Noticed a death yak
 13156 | Gauntlet | Noticed a death yak
 13157 | Gauntlet | Noticed a death yak
 13159 | Gauntlet | Noticed a death yak
 13162 | Gauntlet | Found a transporter.
 13296 | Gauntlet | Noticed a minotaur
 13633 | Gauntlet | Shot with an arrow by a minotaur

Illustrated notes

Levels and vault maps discovered:
D:1:      matt_arrival_grand_opening, layout_loops_ring, serial_forest,
          infiniplex_forest_lined_room_2, infiniplex_forest_clump_small,
          infiniplex_forest_clump_small, infiniplex_forest_straight_2,
          infiniplex_forest_clump_long, infiniplex_forest_clump_double,
          infiniplex_forest_lined_ring, infiniplex_forest_lined_room_2,
          serial_shops, nicolae_shop_gaudy_bauble,
          ebering_ecumenical_altar_abandoned
D:2:      cheibrodos_old_hovel, layout_basic, minmay_goblin_kobold_house
D:3:      layout_loops_ring, dk_yredelemnul_ordeal,
          nicolae_overflow_ecumenical_swirl, hangedman_decor_slide_cut,
          uniq_robin
D:4:      wad_river_or_something, layout_basic, cheibrodos_ashenzari_chains,
          serial_shops, shop
D:5:      layout_cave_pods, minmay_temple_entry_large_hall
D:6:      layout_rooms, chequers_decorated_corner, uniq_prince_ribbit1
D:7:      layout_basic, nicolae_overflow_macrodata_refinement, serial_shops,
          shop
D:8:      layout_cave_pods, erik_lair_orcish_takeover, serial_shops, shop_statue
Temple:   chequers_temple_sunken
Lair:1:   layout_cave_pods, grunt_megastairs_1, uniq_erica
Lair:2:   layout_cave_pods, nicolae_lair_lindhole
Lair:3:   layout_chaotic_city, swamp_mist_pool, spider_nest_entry_a,
          gauntlet_entry_generic, uniq_nergalle
Gauntlet: gammafunk_gauntlet_77_escape_option
          [minmay_gauntlet_arena_77_double_cross,
          minmay_gauntlet_arena_77_run_for_it, minmay_gauntlet_arena_77_braids,
          minmay_gauntlet_arena_77_two_paths,
          minmay_gauntlet_arena_77_tiled_triplets,
          dreamdust_gauntlet_exit_labyrinth]

Skill      XL: |  1  2  3  4  5  6  7  8  9 10 11 |
---------------+----------------------------------+-----
Spellcasting   | 3 4 5 6 10 | 10.7
Ice Magic      | 4 5 6 |  6.1
Necromancy     | 1 3 4 5 9 11 | 11.1
Fighting       | 7 |  7.2
Dodging        | 7 8 |  8.4
Hexes          | 3 |  3.1
Stealth        | |  1.5

Action                     |  1- 3 |  4- 6 |  7- 9 | 10-12 || total
---------------------------+-------+-------+-------+-------++-------
  Melee: Unarmed           |    14 |       |       |       ||    14
         Dagger            |    22 |   138 |   298 |   202 ||   660
         Punch             |       |     2 |     9 |     3 ||    14
   Cast: Freeze            |    45 |    25 |     7 |     9 ||    86
         Frozen Ramparts   |     2 |    14 |    19 |     7 ||    42
         Ozocubu's Armour  |       |     5 |    19 |     5 ||    29
         Vampiric Draining |       |     1 |    24 |    23 ||    48
         Animate Dead      |       |       |     3 |     9 ||    12
         Anguish           |       |       |       |    26 ||    26
         Death Channel     |       |       |       |     3 ||     3
 Invoke: Unearth Wretches  |       |       |       |     3 ||     3
  Evoke: Wand              |       |       |     3 |    10 ||    13
    Use: Scroll            |       |     5 |     2 |    15 ||    22
   Stab: Sleeping          |     2 |     9 |     2 |     1 ||    14
         Paralysed         |       |       |       |     3 ||     3
         Distracted        |       |       |       |     1 ||     1
 Armour: Robe              |    38 |    84 |   275 |   237 ||   634
  Dodge: Dodged            |    48 |    92 |   207 |   226 ||   573

Table legend: (Time is in decaauts)
 A = Elapsed time spent in this place.
 B = Non-inter-level travel time spent in this place.
 C = Inter-level travel time spent in this place.
 D = Time resting spent in this place.
 E = Time spent auto-exploring this place.
 F = Levels seen in this place.
 G = Mean time per level.
                   A        B        C        D        E       F      G
               +--------+--------+--------+--------+--------+-----+--------+
         Total |  13647 |  12720 |    927 |   2207 |   7546 |  13 | 1049.8 |
       Dungeon |   9889 |   9012 |    877 |   1462 |   5639 |   8 | 1236.1 |
        Temple |      4 |      4 |      0 |      0 |      0 |   1 |    4.0 |
          Lair |   3226 |   3176 |     50 |    593 |   1907 |   3 | 1075.3 |
      Gauntlet |    527 |    527 |      0 |    152 |      0 |   1 |  527.0 |
               +--------+--------+--------+--------+--------+-----+--------+

Top non-repeatable levels by time:
  Lair:1: 1580 daAuts
  Lair:2: 1454 daAuts
     D:7: 1420 daAuts
     D:3: 1396 daAuts
     D:5: 1387 daAuts
     D:2: 1286 daAuts
     D:8: 1246 daAuts
     D:1: 1214 daAuts
     D:4: 1174 daAuts
     D:6: 763 daAuts
Gauntlet: 527 daAuts
  Lair:3: 191 daAuts
  Temple: 4 daAuts

Levels and vault maps discovered:
D:1:      matt_arrival_grand_opening, layout_loops_ring, serial_forest,
          infiniplex_forest_lined_room_2, infiniplex_forest_clump_small,
          infiniplex_forest_clump_small, infiniplex_forest_straight_2,
          infiniplex_forest_clump_long, infiniplex_forest_clump_double,
          infiniplex_forest_lined_ring, infiniplex_forest_lined_room_2,
          serial_shops, nicolae_shop_gaudy_bauble,
          ebering_ecumenical_altar_abandoned
D:2:      cheibrodos_old_hovel, layout_basic, minmay_goblin_kobold_house
D:3:      layout_loops_ring, dk_yredelemnul_ordeal,
          nicolae_overflow_ecumenical_swirl, hangedman_decor_slide_cut,
          uniq_robin
D:4:      wad_river_or_something, layout_basic, cheibrodos_ashenzari_chains,
          serial_shops, shop
D:5:      layout_cave_pods, minmay_temple_entry_large_hall
D:6:      layout_rooms, chequers_decorated_corner, uniq_prince_ribbit1
D:7:      layout_basic, nicolae_overflow_macrodata_refinement, serial_shops,
          shop
D:8:      layout_cave_pods, erik_lair_orcish_takeover, serial_shops, shop_statue
Temple:   chequers_temple_sunken
Lair:1:   layout_cave_pods, grunt_megastairs_1, uniq_erica
Lair:2:   layout_cave_pods, nicolae_lair_lindhole
Lair:3:   layout_chaotic_city, swamp_mist_pool, spider_nest_entry_a,
          gauntlet_entry_generic, uniq_nergalle
Gauntlet: gammafunk_gauntlet_77_escape_option
          [minmay_gauntlet_arena_77_double_cross,
          minmay_gauntlet_arena_77_run_for_it, minmay_gauntlet_arena_77_braids,
          minmay_gauntlet_arena_77_two_paths,
          minmay_gauntlet_arena_77_tiled_triplets,
          dreamdust_gauntlet_exit_labyrinth]

Table legend: (Time is in decaauts)
 A = Elapsed time spent in this place.
 B = Non-inter-level travel time spent in this place.
 C = Inter-level travel time spent in this place.
 D = Time resting spent in this place.
 E = Time spent auto-exploring this place.
 F = Levels seen in this place.
 G = Mean time per level.
                   A        B        C        D        E       F      G
               +--------+--------+--------+--------+--------+-----+--------+
         Total |  13647 |  12720 |    927 |   2207 |   7546 |  13 | 1049.8 |
       Dungeon |   9889 |   9012 |    877 |   1462 |   5639 |   8 | 1236.1 |
        Temple |      4 |      4 |      0 |      0 |      0 |   1 |    4.0 |
          Lair |   3226 |   3176 |     50 |    593 |   1907 |   3 | 1075.3 |
      Gauntlet |    527 |    527 |      0 |    152 |      0 |   1 |  527.0 |
               +--------+--------+--------+--------+--------+-----+--------+

Top non-repeatable levels by time:
  Lair:1: 1580 daAuts
  Lair:2: 1454 daAuts
     D:7: 1420 daAuts
     D:3: 1396 daAuts
     D:5: 1387 daAuts
     D:2: 1286 daAuts
     D:8: 1246 daAuts
     D:1: 1214 daAuts
     D:4: 1174 daAuts
     D:6: 763 daAuts
Gauntlet: 527 daAuts
  Lair:3: 191 daAuts
  Temple: 4 daAuts

Table legend:
 A = Kills in this place as a percentage of kills in the entire game.
 B = Kills by you in this place as a percentage of kills by you in the entire game.
 C = Kills by friends in this place as a percentage of kills by friends in the entire game.
 D = Other kills in this place as a percentage of other kills in the entire game.
 E = Experience gained in this place as a percentage of experience gained in the entire game.
 F = Experience gained in this place divided by the number of levels of this place that you have seen.
                   A       B       C       D       E      F
               +-------+-------+-------+-------+-------+----------------------
         Total | 100.0 | 100.0 | 100.0 | 100.0 | 100.0 | 1756.5
       Dungeon |  77.2 |  88.3 |  25.9 |   0.0 |  30.2 | 860.6
          Lair |  22.8 |  11.7 |  74.1 | 100.0 |  69.8 | 5316.3
               +-------+-------+-------+-------+-------+----------------------
